 Dungeon Crawl Stone Soup version 0.22-a0-570-g58866f5 (webtiles) character file.

63 jjfam the Shield-Bearer (level 4, -2/29 HPs)
             Began as a Gargoyle Fighter on June 30, 2018.
             Slain by an adder (3 damage)
             ... on level 2 of the Dungeon on July 7, 2018.
             The game lasted 00:04:34 (1196 turns).

jjfam the Shield-Bearer (Gargoyle Fighter)          Turns: 1196, Time: 00:04:35

Health: -2/29      AC: 10    Str: 20    XL:     4   Next: 9%
Magic:  4/4        EV:  7    Int:  9    God:
Gold:   59         SH:  9    Dex:  9    Spells: 3/3 levels left

rFire    . . .     SeeInvis .   s - -3 dagger (curse)
rCold    . . .     Gourm    .   c - +0 shield
rNeg     + . .     Faith    .   b - +0 scale mail
rPois    ∞         Spirit   .   (no helmet)
rElec    +         Reflect  .   (no cloak)
rCorr    .         Harm     .   (no gloves)
MR       .....                  (no boots)
Stlth    ..........             (no amulet)
HPRegen  0.09/turn              (no ring)
MPRegen  0.09/turn              (no ring)

@: no status effects
A: negative energy resistance 1, electricity resistance, unbreathing,
petrification resistance, rot immunity, AC +3
a: no special abilities


You were on level 2 of the Dungeon.
You were not hungry.

You visited 1 branch of the dungeon, and saw 2 of its levels.

You collected 59 gold pieces.

Inventory:

Hand Weapons
 a - a +0 long sword
 h - a +3 whip of electrocution
 s - a cursed -3 dagger (weapon)
Armour
 b - a +0 scale mail (worn)
 c - a +0 shield (worn)
Scrolls
 g - 2 scrolls of identify {unknown}
 i - 3 scrolls of fear {unknown}
 l - 2 scrolls of magic mapping {unknown}
 m - 4 scrolls of remove curse {unknown}
 q - a scroll of noise {unknown}
Potions
 d - 3 potions of might
 e - 2 potions of heal wounds {unknown}
 j - 2 potions of curing {unknown}
 k - a potion of brilliance {unknown}
 n - a potion of agility {unknown}
 o - a potion of haste {unknown}
 p - a potion of lignification {unknown}
Comestibles
 f - 4 rations


   Skills:
 + Level 3.8 Fighting
 - Level 1.7 Long Blades
 + Level 1.2 Maces & Flails
 + Level 3.8 Armour
 + Level 0.8 Dodging
 + Level 3.8 Shields


You had 3 spell levels left.
You didn't know any spells.
Your spell library was empty.

Dungeon Overview and Level Annotations

Branches:
Dungeon (2/15)

Altars:


Innate Abilities, Weirdness & Mutations

You are resistant to torment.
Your stone body is resilient. (AC +3)
You are immune to poison.
You resist negative energy. (rN+)
You are resistant to electric shocks. (rElec)
You can survive without breathing.
You are immune to petrification.
You are immune to rotting.


Message History

The adder is severely wounded.
You block the adder's attack.
You closely miss the adder.
The adder is severely wounded.
You block the adder's attack. The adder bites you but does no damage.
Unknown command.
You barely miss the adder.
The adder is severely wounded.
You block the adder's attack.
You hit the adder.
The adder is almost dead.
The adder bites you.
* * * LOW HITPOINT WARNING * * *
You hit the adder but do no damage.
The adder is almost dead.
You block the adder's attack. The adder barely misses you.
You closely miss the adder.
The adder is almost dead.
The adder bites you.
You die...

#..# #.. #.. ... #.#
#.# #S#
############@#
#...#........###
#...#.#####.........
####...#.##
#...######
#.........####...#
#................#
#................#
####(..#.###.#...#
##...#.........#


You could see an adder.

Vanquished Creatures
  2 adders (D:2)
  An ooze (D:1)
  A dart slug (D:1)
  3 leopard geckos
  3 bats (D:1)
  2 giant cockroaches
  7 goblins
  6 hobgoblins
  A quokka (D:2)
  4 kobolds
  4 rats (D:1)
34 creatures vanquished.

Notes
Turn   | Place    | Note
-------+----------+-------------------------------------------
     0 | D:1      | jjfam the Gargoyle Fighter began the quest for the Orb.
     0 | D:1      | Reached XP level 1. HP: 14/14 MP: 1/1
   245 | D:1      | Reached XP level 2. HP: 19/19 MP: 2/2
   489 | D:1      | Reached XP level 3. HP: 23/23 MP: 3/3
   789 | D:2      | Reached skill level 1 in Maces & Flails
  1096 | D:2      | Reached XP level 4. HP: 6/29 MP: 4/4
  1194 | D:2      | HP: 1/29 [adder (3)]
  1196 | D:2      | Slain by an adder

Vault maps used:
D:1:      erik_arrival_triangle_small, minmay_stone_trees_small
D:2:      first_ration

Skill      XL: |  1  2  3 |
---------------+----------+-----
Maces & Flails | 1 |  1.2
Fighting       | |  3.8
Long Blades    | |  1.7
Armour         | |  3.8
Dodging        | |  0.8
Shields        | |  3.8

Action                   |  1- 3 |  4- 6 || total
-------------------------+-------+-------++-------
Melee: Long sword        |    66 |       ||    66
       Dagger            |   104 |    61 ||   165
  Eat: Chunk             |     1 |       ||     1
Armor: Scale mail        |   122 |    18 ||   140
Dodge: Dodged            |    63 |    19 ||    82
Block: Shield            |   104 |    30 ||   134
       Rpst.: Long sword |     9 |       ||     9

Table legend:
 A = Spawn XP
 B = Non-spawn XP
 C = Spawn XP percentage of total XP
 D = Spawn monster count
 E = Non-spawn monster count
 F = Spawn count percentage of total count
 G = Total turns spent on level
                    A         B        C        D         E        F      G
               +---------+---------+-------+---------+---------+-------+---------
         Total |       0 |      90 |   0.0 |       0 |      34 |   0.0 |  1196
               +---------+---------+-------+---------+---------+-------+---------
           D:1 |       0 |      47 |   0.0 |       0 |      24 |   0.0 |   744
           D:2 |       0 |      43 |   0.0 |       0 |      10 |   0.0 |   452
               +---------+---------+-------+---------+---------+-------+---------
